Map: Ulrena

Players

Peo

  • Race: Terran Terran
  • League: Silver

Jhyrachy - Winner!

  • Race: Zerg Zerg
  • League: Silver

VOD

Have the link to the VOD?

Description

Time

  • Played on: Dec. 11, 2015, 9:46 a.m.
  • Length: 6:12
Show
View Real Time Build Order
Export as new Build Order

Peo Terran 

Build Orders:  

Get SALT Encoding   

  12  0:01  SCV  
  13  0:13  SCV  
  14  0:18  Supply Depot  
  14  0:25  SCV  
  15  0:30  Refinery  
  15  0:39  SCV  
  16  0:45  Barracks  
  16  0:51  SCV  
  17  1:03  SCV  
  18  1:07  Supply Depot  
  18  1:15  SCV  
  19  1:23  Barracks  
  19  1:28  SCV  
  20  1:37  Reaper  
  21  1:42  Barracks  
  21  1:46  SCV  
  22  1:53  Refinery  
  22  1:58  SCV  
  23  2:09  Reaper  
  23  2:10  Orbital Command  
  24  2:19  Reaper  
  25  2:29  Barracks Reactor  
  25  2:37  Barracks  
  25  2:44  SCV  
  25  2:48  Barracks Reactor  
  27  2:51  Reaper  
  27  2:58  SCV  
  27  3:04  Supply Depot  
  28  3:08  Reaper x2, Supply Depot  
  30  3:25  Barracks Reactor  
  30  3:28  Reaper  
  30  3:29  Reaper x2  
  30  3:30  SCV  
  34  3:34  Supply Depot  
  34  3:40  Reaper  
  35  3:43  SCV  
  36  4:03  SCV  
  36  4:04  Reaper x3  
  40  4:15  SCV  
  31  4:31  Barracks Tech Lab  
  31  4:37  SCV  
  32  4:39  Factory  
  32  4:40  Barracks Tech Lab  
  32  4:41  Command Center  
  32  4:43  Marine x2  
  26  5:27  Marine x2  
  26  5:28  Marine  
  25  5:44  Barracks Reactor  
  25  5:49  Hellion x2  
Show
View Real Time Build Order
Export as new Build Order

Jhyrachy Zerg - Winner!

Build Orders: Hatch First, Zergling Baneling 

Get SALT Encoding   

  12  0:01  Drone  
  13  0:10  Drone  
  14  0:17  Overlord  
  14  0:25  Extractor  
  14  0:27  Extractor  
  14  0:28  Drone  
  13  0:29  Drone  
  16  0:55  Hatchery  
  15  1:05  Extractor  
  15  1:06  Drone x2  
  15  1:07  Overlord  
  16  1:23  Spawning Pool  
  15  1:26  Drone  
  15  1:32  Drone  
  17  1:41  Drone  
  18  2:00  Drone  
  19  2:11  Queen  
  19  2:14  Queen  
  23  2:16  Metabolic Boost  
  23  2:21  Drone  
  24  2:29  Baneling Nest  
  23  2:36  Drone  
  23  2:37  Drone x2  
  25  2:40  Drone  
  25  2:41  Drone  
  28  2:44  Drone  
  29  3:05  Zergling x2  
  30  3:06  Zergling x2  
  31  3:15  Evolution Chamber  
  31  3:18  Zergling x2  
  31  3:31  Zergling x4  
  31  3:32  Zergling x4  
  34  3:55  Baneling x3  
  32  3:58  Zergling x4  
  34  4:03  Zergling x4  
  33  4:14  Zergling x2  
  33  4:26  Zergling x10  
  35  4:38  Overlord x2  
  35  4:43  Baneling x7  
  35  4:53  Spore Crawler  
  35  4:55  Queen  
  35  5:07  Zergling x2  
  35  5:08  Zergling x14  
  38  5:24  Zergling x2  
  38  5:25  Zergling x6  
  42  5:38  Baneling  
  42  5:39  Baneling x5  
Tags
 
Add a new tag
Caveats
  • Supply blocks, unpowered buildings, or Contaminate may cause inaccurate times.
  • Supply counts are checked every 10 seconds.